Unix NetHack Version 5.0.0-0 post-release - last build Jun 10 2026 00:39:30 (3ee93aec679c4c4259841fe613dc97188e26a321,branch:main).

Game began 2026-06-20 23:24:24, ended 2026-06-20 23:33:29.

Drastanta, neutral male human Barbarian

                                                                     ----
                                                                   ---..|
                                                                   |....|
                                                                  --....---.
                                                                  ..........
                                                                   ....>...
                                                                    ......-
                                                                    -.....|
                                                                   --.....----
                                                                   |...@.....|
                                                                   -.........|
                                                                  |..........|
                                                                  |..........-
                                                                  .---.--.|...
                                                                      .  ---.-
                                                                     --     --

Drastanta the Pillager     St:18/02 Dx:16 Co:18 In:7 Wi:7 Ch:7  Neutral
Dlvl:8  $:69 HP:0(67) Pw:13(13) AC:7  Xp:5 T:1743 

Latest messages:
 The gnome hits!
 You kill the gnome!
 You kill the gnome!
 The gnome is hit by a rock!
 The gnome is killed!
 w - a pair of iron shoes.
 x - a pair of iron shoes.
 y - a dwarvish cloak.
 Really step onto that falling rock trap? [yn] (n) y
 There is a falling rock trap here.
 A trap door in the ceiling opens and a rock falls on your head!
 You see here a gnome corpse.
 The gnome picks up an aklys.
 A board beneath you squeaks an E flat loudly.
 The gnome hits!
 You kill the gnome!
 z - a wand of digging.
 A trap door opens up under you!
 You kill the gnome!
 You see here an aklys.
 You fall into a pit!
 You are still in a pit.
 You are still in a pit.
 You are still in a pit.
 You are still in a pit.
 You are still in a pit.
 You miss the dwarf.
 The dwarf swings her dwarvish mattock.
 The dwarf hits!
 The gnome hits!
 You miss the dwarf.
 The dwarf swings her dwarvish mattock.
 The dwarf hits!
 You miss the dwarf.
 It is hit.
 The gnome hits!
 You kill the gnome lord!
 The dwarf swings her dwarvish mattock.
 The dwarf hits!
 You smite the gnome!
 The dwarf swings her dwarvish mattock.
 The dwarf hits!
 The gnome hits!
 What do you want to zap? [iluz or ?*] ?
 In what direction? >
 You dig a hole through the floor.
 You fall through...
 You die...
 Do you want your possessions identified? [ynq] (y) y
 Do you want to see your attributes? [ynq] (y) q

Inventory:
 Coins    ('$')
  $ - 69 gold pieces
 Weapons  (')')
  a - a +0 battle-axe (weapon in hands)
  b - a +0 short sword (alternate weapon; not wielded)
 Armor    ('[')
  r - a cursed -1 dwarvish iron helm
  t - an uncursed +1 pair of iron shoes
  s - an uncursed +0 pair of iron shoes
  x - an uncursed +0 pair of iron shoes
  w - a cursed -1 pair of iron shoes
  y - an uncursed +0 dwarvish cloak
  c - an uncursed +0 ring mail (being worn)
 Comestibles  ('%')
  m - 2 uncursed food rations
  q - an uncursed lembas wafer
 Scrolls  ('?')
  j - an uncursed scroll of amnesia
  v - an uncursed scroll of remove curse
  p - a cursed scroll of remove curse
 Spellbooks  ('+')
  k - an uncursed spellbook of fireball
 Potions  ('!')
  o - an uncursed potion of blindness
  e - a blessed potion of enlightenment
  n - an uncursed potion of water
 Rings    ('=')
  f - an uncursed ring of fire resistance
  h - a cursed -1 ring of gain constitution
 Wands    ('/')
  l - a wand of create monster (0:11)
  z - a wand of digging (0:4)
  i - a wand of digging (0:3)
  u - a wand of speed monster (0:4)

Drastanta the Barbarian's attributes:

Background:
 You were a Pillager, a level 5 male human Barbarian.
 You were neutral, nominally on a mission for Crom
 who was opposed by Mitra (lawful) and Set (chaotic).
 You were right-handed.
 You were in the Gnomish Mines, on level 8.
 You entered the dungeon 1743 turns ago.
 It was nighttime.
 You had 237 experience points, 83 more were needed to attain level 6.

Basics:
 You had 0 out of 67 hit points.
 You had all 13 energy points (spell power).
 Your armor class was 7.
 Your wallet contained 69 zorkmids.
 Autopickup was on for '$' plus thrown.

Final Characteristics:
 Your strength was 18/02 (limit:18/100).
 Your dexterity was 16 (limit:18).
 Your constitution was 18 (limit:18).
 Your intelligence was 7 (limit:18).
 Your wisdom was 7 (limit:18).
 Your charisma was 7 (limit:18).

Final Status:
 You weren't hungry.
 You were unencumbered.
 You were wielding an axe.
 You had basic skill with axe.

Final Attributes:
 You were devoutly aligned.
 You were poison resistant.
 You were telepathic.
 You were warded.
 You are dead.

Miscellaneous:
 You encountered 1 bones level.
 Total elapsed playing time was 9 minutes and 4 seconds.

Major events:
 Turn
    1: Drastanta the neutral male human Barbarian entered the dungeon
  914: attained the rank of Pillager (level 3)
 1542: entered the Gnomish Mines
 1743: reached Mine Town
 1743: killed by falling down a mine shaft

You didn't know any spells.

Skills:
 Fighting Skills
   bare handed combat [Basic]
   two weapon combat  [Unskilled]
   riding             [Unskilled]
 Weapon Skills
   dagger             [Unskilled]
   axe                [Basic]
   pick-axe           [Unskilled]
   short sword        [Basic]
   broadsword         [Unskilled]
   long sword         [Unskilled]
   two-handed sword   [Unskilled]
   saber              [Unskilled]
   club               [Unskilled]
   mace               [Unskilled]
   morning star       [Unskilled]
   flail              [Unskilled]
   hammer             [Unskilled]
   quarterstaff       [Unskilled]
   spear              [Unskilled]
   trident            [Unskilled]
   bow                [Unskilled]
 Spellcasting Skills
   attack spells      [Unskilled]
   escape spells      [Unskilled]

Voluntary challenges:
 Character rerolling was not enabled.
 You were an atheist.
 You never genocided any monsters.
 You never polymorphed an object.
 You never changed form.
 You used no wishes.
Achievements:
 You entered a shop.
 You attained the rank of Pillager.
 You entered the Gnomish Mines.
 You entered Minetown.

 The Dungeons of Doom: levels 1 to 5
    Level 1:
    Level 2:
       A general store, some fountains.
    Level 3:
       A fountain.
    Level 4:
       Stairs down to The Gnomish Mines.
    Level 5:
 The Gnomish Mines: levels 5 to 8
    Level 5:
    Level 6:
    Level 7:
    Level 8: <- You were here.
       Final resting place for
          you, killed by falling down a mine shaft,
          Sallap-Bar-Hum-Mal-Cha, killed by a soldier ant.


Vanquished creatures:
  a bugbear
  a gnome leader
  2 floating eyes
  a kitten
  4 dwarves
  a giant bat
  a gas spore
  a hobbit
  2 manes
  a large kobold
  a hobgoblin
  a cave spider
  2 yellow molds
 10 gnomes
  a jackal
  a kobold
  4 grid bugs
  5 lichens
  a kobold zombie
  6 newts
47 creatures vanquished.

No species were genocided or became extinct.

Game over:
                       ----------
                      /          \
                     /    REST    \
                    /      IN      \
                   /     PEACE      \
                  /                  \
                  |    Drastanta     |
                  |      69 Au       |
                  |    killed by     |
                  |  falling down a  |
                  |    mine shaft    |
                  |                  |
                  |       2026       |
                 *|     *  *  *      | *
        _________)/\\_//(\/(/\)/\//\/|_)_______

Goodbye Drastanta the Barbarian...

You died in The Gnomish Mines on dungeon level 8 with 1381 points,
and 69 pieces of gold, after 1743 moves.
You were level 5 with a maximum of 67 hit points when you died.

